 Dungeon Crawl Stone Soup version 0.21-a0-67-g3f13d09 (webtiles) character file.

86317 Svalin the Severer (level 15, 126/126 HPs)
             Began as a Hill Orc Fighter on Apr 9, 2017.
             Was a High Priest of Beogh.
             Quit the game on level 2 of the Snake Pit on June 17, 2017.
             The game lasted 01:43:34 (25585 turns).

Svalin the Severer (Hill Orc Fighter)              Turns: 25585, Time: 01:43:35

Health: 126/126    AC: 26    Str: 23    XL:     15   Next: 86%
Magic:  15/15      EV:  5    Int:  8    God:    Beogh [*****.]
Gold:   199        SH: 22    Dex: 15    Spells: 14/14 levels left

rFire    . . .     SeeInvis .   a - +5 war axe (drain)
rCold    + + +     Gourm    +   K - +1 large shield
rNeg     + . .     Faith    .   X - +1 plate armour of the Battered Curses {-Cast rC+ Str+2} (curse)
rPois    .         Spirit   .   A - +2 helmet of Loh Jez {*Corrode rC+++ rN+ Regen+}
rElec    .         Reflect  .   P - +2 cloak
rCorr    .         Harm     .   b - +0 pair of gloves
MR       ++...     NoCast   +   s - +2 pair of boots
Stlth    ..........             v - amulet of the gourmand
HPRegen  0.71/turn              V - ring of protection from cold
MPRegen  0.14/turn              R - ring of protection from magic

@: no status effects
A: walk on water, frail 1
a: Smiting, Recall Orcish Followers, Give Item to Named Follower, Renounce
Religion


You were on level 2 of the Snake Pit.
You worshipped Beogh.
Beogh was extremely pleased with you.
You were not hungry.

You visited 4 branches of the dungeon, and saw 22 of its levels.

You collected 2001 gold pieces.
You spent 1802 gold pieces at shops.

Inventory:

Hand Weapons
 a - a +5 war axe of draining (weapon)
 k - a +2 arbalest of flaming
 t - a +0 dire flail of holy wrath
 w - a +2 demon trident of electrocution
 z - the +4 long sword of Paafutok {elec, *Slow rF+ Dex+8}
   (You found it on level 5 of the Lair of Beasts)

   Occasionally, upon striking a foe, it will discharge some electrical energy
   and cause terrible harm.
   It affects your dexterity (+8).
   It protects you from fire.
   It may slow you when you take damage.
 J - a +2 battleaxe of venom
 T - a +0 quarterstaff of freezing
 Y - a +0 falchion of holy wrath
Armour
 b - a +0 pair of gloves (worn)
 l - the +0 Maxwell's etheric cage {RegenMP+ *Contam rElec MP+4}
   (You bought it in a shop on level 12 of the Dungeon)

   It insulates you from electricity.
   It affects your magic capacity (+4).
   It causes magical contamination when unequipped.
 s - a +2 pair of boots (worn)
 A - the +2 helmet of Loh Jez (worn) {*Corrode rC+++ rN+ Regen+}
   (You found it on level 1 of the Snake Pit)

   It renders you almost immune to cold.
   It protects you from negative energy.
   It increases your rate of regeneration.
   It may corrode you when you take damage.
 D - the +5 helmet of Conscience {+Inv}
   (You found it on level 4 of the Lair of Beasts)

   It lets you turn invisible.
 K - a +1 large shield (worn)
 M - the +5 ring mail "Oteol" {Regen+}
   (You found it on level 8 of the Dungeon)

   It increases your rate of regeneration.
 P - a +2 cloak (worn)
 X - the cursed +1 plate armour of the Battered Curses (worn) {-Cast rC+ Str+2}
   (You bought it in a shop on level 12 of the Dungeon)

   It affects your strength (+2).
   It protects you from cold.
   It prevents spellcasting.
   It has a curse placed upon it.
Jewellery
 v - an amulet of the gourmand (around neck)
 y - an uncursed ring of resist corrosion
 R - a ring of protection from magic (right hand)
 V - a ring of protection from cold (left hand)
Wands
 e - a wand of polymorph (13/24)
 n - a wand of scattershot (5/9)
 F - a wand of digging (9/24)
 G - a wand of iceblast (8/15)
 N - a wand of enslavement (9/24)
 Q - a wand of lightning (4/15)
 U - a wand of confusion (22/48)
Scrolls
 m - 4 scrolls of remove curse
 o - a scroll of fear
 q - 2 scrolls of magic mapping
 C - 6 scrolls of blinking
 E - 3 scrolls of recharging
 I - a scroll of identify
 S - 7 scrolls of teleportation
 W - a scroll of noise {unknown}
 Z - a scroll of fog
Potions
 c - a potion of berserk rage
 d - a potion of might
 h - 2 potions of cancellation
 i - 4 potions of brilliance
 j - 3 potions of resistance
 u - 3 potions of curing
 x - 2 potions of flight
 B - 4 potions of agility
 H - a potion of haste
 O - 2 potions of invisibility
Miscellaneous
 L - a fan of gales (inert)
Comestibles
 f - 14 bread rations
 g - 9 meat rations
 p - 19 fruits
 r - 11 royal jellies


   Skills:
 * Level 15.5 Fighting
 - Level 20.8 Axes
 + Level 9.4 Armour
 + Level 16.2 Shields


You had 14 spell levels left.
You didn't know any spells.

Dungeon Overview and Level Annotations

Branches:
Dungeon (12/15)            Temple (0/1) D:5            Lair (6/6) D:10
 Shoals (0/4) Lair:2        Snake (2/4) Lair:4        Slime (0/5) Lair:6
    Orc (2/2) D:10            Elf (0/3) Orc:2

Altars:
Elyvilon
Fedhas
Gozag
Okawaru
Qazlal
Trog
Yredelemnul
Zin

Shops:
D:4 %   D:5 !   D:7 [%(?   D:8 %   D:12 [   Orc:1 }   Orc:2 !}=%   Snake:1 }!*(
Snake:2 ?%(}

Annotations:
D:6 HankScorpio's ghost, novice OgIE
D:12 exclusion: 2 oklob plants
Snake:2 exclusion: 3 oklob plants


Innate Abilities, Weirdness & Mutations

You can walk on water.
You are frail. (-10% HP)


Message History

You feel sick. x2
You are no longer poisoned.
You start resting.
Your smoke demon disappears in a puff of smoke!
Marbaugh no longer looks unusually strong.
HP restored.
Found a stone staircase leading down.
Found an escape hatch in the floor.
There is a fountain of clear blue water here.
Level annotation: exclusion: 3 oklob plants Welcome back, Svalin the Hill Orc Fighter.
Beogh says: Drown the unbelievers in a sea of blood!
Press ? for a list of commands and other information.
Unknown command.
Saving game... please wait.
Level annotation: exclusion: 3 oklob plants Welcome back, Svalin the Hill Orc Fighter.
Beogh says: Drown the unbelievers in a sea of blood!
Press ? for a list of commands and other information.
Are you sure you want to abandon this character and quit the game? (Confirm with "yes".)

# #(⌠.# #.# #(..# #.#
#.o.#.#.#
#.#)..##.######
###)####....o.##
##((oo(#######..#
#.#####o# .##.#
...#.....o.#.... #.#####
>..'...@o..'..>.⌠#.o...#
...#.......#.....####..#
.##.#####.##.⌠.# #... ##
## .## #### #... # ###.
## ### #.o #o#


You could see the friendly Orbeogh the orc warlord, the friendly Norbak the orc
sorcerer and the friendly Marbaugh the orc priest.

Vanquished Creatures
  Saint Roka (Snake:2)
  Asterion (Snake:1)
  Gastronok (Lair:2)
  An ettin (Orc:1)
  5 naga warriors
  A catoblepas (Lair:6)
  A hydra (Lair:1)
  A centaur warrior (D:9)
  An anaconda (Snake:1)
  4 two-headed ogres
  A death yak (Lair:6)
  3 naga sharpshooters (Snake:2)
  An orc high priest (Orc:2)
  3 shock serpents (Snake:1)
  Sonja (D:11)
  A naga ritualist (Snake:2)
  An orc knight (Orc:2)
  A mana viper (Snake:1)
  A manticore (D:11)
  2 elephants (Lair:6)
  2 cyclopes
  2 salamanders
  Maurice (D:9)
  2 naga magi
  7 black mambas
  Psyche (D:11)
  2 guardian serpents
  5 spiny frogs
  2 komodo dragons
  The ghost of baronkooklespooks the Skirmisher, an amateur MiFi (D:7)
  3 hornets
  3 polar bears
  2 trolls
  4 hippogriffs
  A dream sheep (Lair:6)
  8 blink frogs
  Sigmund (D:3)
  6 spriggans (Lair:6)
  2 wyverns (D:10)
  20 yaks
  A hungry ghost (D:11)
  2 basilisks
  6 centaurs
  16 nagas
  6 water moccasins
  Duvessa (D:7)
  A porcupine (Lair:2)
  2 soldier ants
  9 orc warriors
  3 sky beasts
  3 ice beasts
  A phantom (D:6)
  8 black bears
  A necrophage (D:7)
  7 ogres
  3 boggarts (Lair:6)
  22 wolves
  8 crocodiles
  4 big kobolds
  15 bullfrogs
  Dowan (D:7)
  2 scorpions
  A water moccasin skeleton (D:5)
  4 killer bees (D:9)
  3 crimson imps
  2 bullfrog zombies
  8 hounds
  2 quasits
  2 centaur zombies
  9 jellies
  Crazy Yiuf (D:3)
  11 orc priests
  3 bullfrog skeletons
  Ijyb (D:5)
  9 orc wizards
  3 iguanas
  4 worker ants
  2 hell rats (Lair:6)
  2 hound zombies (D:9)
  2 hound skeletons
  A worker ant zombie (D:5)
  10 adders
  8 gnolls
  2 howler monkey skeletons
  2 river rats (Lair:6)
  3 shadow imps
  7 oozes
  An adder skeleton (D:5)
  2 worms
  A dart slug (D:3)
  6 leopard geckos
  24 orcs
  2 giant cockroaches
  11 goblins
  7 hobgoblins
  12 jackals
  32 kobolds
  4 quokkas
  3 ball pythons
  8 bats
  A jackal zombie (D:5)
  10 rats
  6 plants
461 creatures vanquished.

Vanquished Creatures (collateral kills)
  Vashnia (Snake:2)
  Aizul (Snake:2)
  Fannar (Lair:2)
  6 naga warriors
  4 hydras
  2 anacondas
  4 two-headed ogres
  4 death yaks (Lair:6)
  3 orc high priests
  2 shock serpents (Snake:1)
  3 naga sharpshooters (Snake:2)
  2 salamander mystics
  A naga ritualist (Snake:1)
  2 salamanders (Snake:2)
  4 orc knights (Orc:2)
  2 mana vipers
  An oklob plant (Lair:3)
  20 black mambas
  2 guardian serpents
  6 elephants (Lair:6)
  7 naga magi
  2 spiny frogs (Lair:6)
  2 rime drakes
  6 komodo dragons
  3 trolls
  2 polar bears (Lair:6)
  3 hornets (Lair:6)
  12 blink frogs
  8 hippogriffs
  16 yaks
  8 spriggans
  A wraith (D:10)
  A shadow (D:12)
  A basilisk (Lair:6)
  A warg (Orc:1)
  17 nagas
  A soldier ant (D:11)
  12 water moccasins
  4 porcupines
  A hornet zombie (D:12)
  A black bear (Lair:6)
  7 orc warriors
  A phantom (D:7)
  An ogre (D:11)
  15 wolves
  A boggart (Lair:6)
  8 crocodiles
  3 centaurs
  A big kobold (D:11)
  2 bullfrogs
  A scorpion (D:10)
  A killer bee (D:9)
  2 jellies
  A hound (D:11)
  6 orc priests
  An orc wizard (Orc:2)
  A worker ant (D:11)
  5 river rats (Lair:6)
  A shadow imp (D:12)
  An ooze (Lair:6)
  5 orcs
  5 kobolds
  A quokka (D:10)
  3 bushes (Lair:3)
  4 fungi (Lair:5)
  5 plants
262 creatures vanquished.

Vanquished Creatures (others)
  Saint Roka (Snake:2)
  An orc warlord (Snake:2)
  An orc sorcerer (Orc:2)
  An orc knight (Orc:2)
  14 orc warriors
  9 orc priests
  An orc wizard (Orc:2)
  A dart slug (D:4)
  21 orcs
  A ball python (Orc:2)
  A fungus (Lair:6)
  2 withered plants (D:6)
54 creatures vanquished.

Grand Total: 777 creatures vanquished

Notes
Turn   | Place    | Note
-------+----------+-------------------------------------------
     0 | D:1      | Svalin the Hill Orc Fighter began the quest for the Orb.
     0 | D:1      | Reached XP level 1. HP: 19/19 MP: 1/1
    88 | D:1      | Reached skill level 3 in Axes
   159 | D:1      | Reached XP level 2. HP: 24/26 MP: 2/2
   320 | D:1      | Reached XP level 3. HP: 29/31 MP: 3/3
   562 | D:1      | Reached skill level 4 in Axes
  1431 | D:3      | Reached XP level 4. HP: 39/39 MP: 4/4
  1554 | D:3      | Reached skill level 5 in Axes
  1614 | D:3      | Noticed a bullfrog
  1622 | D:3      | Killed a bullfrog
  1622 | D:3      | Reached XP level 5. HP: 33/45 MP: 5/5
  1936 | D:3      | Reached skill level 6 in Axes
  2566 | D:3      | Noticed Sigmund
  2580 | D:3      | Killed Sigmund
  2580 | D:3      | Reached skill level 7 in Axes
  2580 | D:3      | Reached skill level 5 in Shields
  2580 | D:3      | Reached XP level 6. HP: 51/51 MP: 6/6
  2914 | D:3      | Found a runed door.
  2918 | D:3      | Noticed Crazy Yiuf
  2922 | D:3      | Killed Crazy Yiuf
  3339 | D:4      | Found Allipuen's Food Shoppe.
  3371 | D:4      | Reached skill level 8 in Axes
  3371 | D:4      | Reached XP level 7. HP: 56/57 MP: 7/7
  3439 | D:4      | Became a worshipper of Beogh the Brigand
  3679 | D:4      | Found an iron altar of Okawaru.
  4234 | D:5      | Entered Level 5 of the Dungeon
  4249 | D:5      | Reached skill level 9 in Axes
  4281 | D:5      | Found a stormy altar of Qazlal.
  4298 | D:5      | Noticed Ijyb
  4314 | D:5      | Killed Ijyb
  4454 | D:5      | Reached * piety under Beogh
  4578 | D:5      | Found Hehoosi's Distillery.
  4586 | D:5      | Bought a potion of curing for 33 gold pieces
  4586 | D:5      | Bought a potion of heal wounds for 55 gold pieces
  4586 | D:5      | Bought 2 potions of heal wounds for 110 gold pieces
  4586 | D:5      | Bought a potion of curing for 33 gold pieces
  4586 | D:5      | Bought a potion of agility for 44 gold pieces
  4619 | D:5      | Reached XP level 8. HP: 64/64 MP: 8/8
  4634 | D:5      | Found a staircase to the Ecumenical Temple.
  4841 | D:5      | Reached skill level 10 in Axes
  5130 | D:6      | Found a basalt altar of Yredelemnul.
  5130 | D:6      | Noticed HankScorpio's ghost (novice OgIE)
  6224 | D:6      | Reached skill level 5 in Fighting
  6607 | D:7      | Noticed Duvessa
  6607 | D:7      | Noticed Dowan
  6635 | D:7      | Killed Duvessa
  6635 | D:7      | Reached XP level 9. HP: 62/75 MP: 9/9
  6650 | D:7      | Killed Dowan
  7092 | D:7      | Noticed baronkooklespooks's ghost (amateur MiFi)
  7222 | D:6      | Reached ** piety under Beogh
  8245 | D:7      | Found Gihi's Armour Shoppe.
  8251 | D:7      | Found Kirask's Food Shop.
  8296 | D:7      | Bought a bread ration for 50 gold pieces
  8490 | D:7      | Found Bahoaly's Antique Weapon Boutique.
  8530 | D:7      | Found Weho's Magic Scroll Shop.
  8568 | D:7      | Killed baronkooklespooks's ghost
  8615 | D:7      | Bought a scroll of remove curse for 39 gold pieces
  9253 | D:7      | Reached skill level 11 in Axes
  9458 | D:8      | Found Homunueg's Food Emporium.
  9498 | D:8      | Noticed a two-headed ogre
  9522 | D:8      | Killed a two-headed ogre
  9522 | D:8      | Reached skill level 12 in Axes
  9522 | D:8      | Reached XP level 10. HP: 21/91 MP: 10/10
 10076 | D:8      | Found a white marble altar of Elyvilon.
 10101 | D:8      | Got a transparent ring mail
 10131 | D:8      | Identified the +5 ring mail "Oteol" {Regen+} (You found it on level 8 of the Dungeon)
 10425 | D:8      | Reached *** piety under Beogh
 10472 | D:9      | Noticed a centaur warrior
 10485 | D:9      | Killed a centaur warrior
 10485 | D:9      | Reached skill level 13 in Axes
 10485 | D:9      | Reached skill level 10 in Shields
 10755 | D:9      | Noticed a two-headed ogre
 10759 | D:9      | Noticed Maurice
 10764 | D:9      | Killed a two-headed ogre
 10764 | D:9      | Reached skill level 14 in Axes
 10803 | D:9      | Killed Maurice
 10803 | D:9      | Reached XP level 11. HP: 93/97 MP: 11/11
 11033 | D:9      | Noticed a two-headed ogre
 11048 | D:9      | Killed a two-headed ogre
 11307 | D:9      | Reached skill level 15 in Axes
 11313 | D:9      | Reached **** piety under Beogh
 11474 | D:9      | Found an opulent altar of Gozag.
 11475 | D:9      | Found a glowing silver altar of Zin.
 11668 | D:10     | Entered Level 10 of the Dungeon
 11701 | D:10     | Found a staircase to the Orcish Mines.
 12024 | D:10     | Found a staircase to the Lair.
 12089 | D:10     | Noticed a white ugly thing
 12144 | D:10     | Noticed a manticore
 12145 | D:10     | Noticed a yaktaur captain
 12347 | D:10     | Noticed a two-headed ogre
 12357 | D:10     | Killed a two-headed ogre
 12357 | D:10     | Reached skill level 16 in Axes
 12656 | D:11     | Noticed Sonja
 12659 | D:11     | Killed Sonja
 12972 | D:11     | Noticed a manticore
 12979 | D:11     | Killed a manticore
 13079 | D:11     | Reached ***** piety under Beogh
 13223 | D:11     | Reached XP level 12. HP: 94/104 MP: 12/12
 13251 | D:11     | Reached skill level 17 in Axes
 13365 | D:11     | Noticed Psyche
 13371 | D:11     | Killed Psyche
 13491 | D:11     | Noticed a two-headed ogre
 13497 | D:11     | Killed a two-headed ogre
 13497 | D:11     | Gained Margrim as an ally
 13639 | D:12     | Noticed a two-headed ogre
 13645 | D:12     | Killed a two-headed ogre
 13829 | D:12     | Noticed a two-headed ogre
 13841 | D:12     | Killed a two-headed ogre
 13914 | D:12     | Reached skill level 18 in Axes
 14166 | D:12     | Found Fempoblyf's Armour Shoppe.
 14187 | D:12     | Found a blossoming altar of Fedhas.
 14386 | Lair:1   | Entered Level 1 of the Lair of Beasts
 14386 | Lair:1   | Noticed a five-headed hydra
 14392 | Lair:1   | Killed a five-headed hydra
 14646 | Lair:1   | Noticed a seven-headed hydra
 14660 | Lair:1   | Killed a 19-headed hydra
 15335 | Lair:2   | Found a staircase to the Shoals.
 15381 | Lair:2   | Noticed Gastronok
 15398 | Lair:2   | Killed Gastronok
 15398 | Lair:2   | Reached skill level 19 in Axes
 15540 | Lair:2   | Reached XP level 13. HP: 111/111 MP: 13/13
 15568 | Lair:2   | Noticed Fannar
 15580 | Lair:2   | Killed Fannar
 17198 | Lair:3   | Reached skill level 20 in Axes
 17199 | Lair:3   | Gained Ortolf as an ally
 17366 | Lair:4   | Got a heavily runed helmet
 17367 | Lair:4   | Gained Orbeogh as an ally
 17382 | Lair:4   | Identified the +5 helmet of Conscience {+Inv} (You found it on level 4 of the Lair of Beasts)
 17573 | Lair:4   | Found a blossoming altar of Fedhas.
 17740 | Lair:4   | Found a staircase to the Snake Pit.
 18427 | Lair:5   | Got a smoking long sword
 18428 | Lair:5   | Identified the +4 long sword of Paafutok {elec, *Slow rF+ Dex+8} (You found it on level 5 of the Lair of Beasts)
 18802 | Lair:6   | Entered Level 6 of the Lair of Beasts
 18985 | Lair:6   | Reached ****** piety under Beogh
 19221 | Lair:6   | Reached skill level 10 in Fighting
 19370 | Lair:6   | Reached XP level 14. HP: 105/121 MP: 14/14
 19382 | Lair:6   | Paralysed by a hornet for 2 turns
 19556 | Lair:6   | Reached skill level 5 in Armour
 20218 | Lair:6   | Gained Norbak as an ally
 20311 | Lair:6   | Found a staircase to the Slime Pits.
 20790 | Orc:1    | Entered Level 1 of the Orcish Mines
 20882 | Orc:1    | Found Rat Homp's Gadget Shop.
 20928 | Orc:1    | Reached skill level 15 in Shields
 21118 | Orc:2    | Entered Level 2 of the Orcish Mines
 21237 | Orc:2    | Found a bloodstained altar of Trog.
 21388 | Orc:2    | Found a staircase to the Elven Halls.
 21475 | Orc:2    | Gained Bogdan as an ally
 21486 | Orc:2    | Your ally Bogdan died
 21515 | Orc:2    | Gained Warbeogh as an ally
 21696 | Orc:2    | Found Jahaozuh's Food Boutique.
 21696 | Orc:2    | Found Umerph Vijounk's Distillery.
 21697 | Orc:2    | Found Boebod's Jewellery Shop.
 21697 | Orc:2    | Found Ucsearih's Gadget Boutique.
 21712 | Orc:2    | Bought a potion of heal wounds for 55 gold pieces
 21712 | Orc:2    | Bought a potion of heal wounds for 55 gold pieces
 21712 | Orc:2    | Bought a potion of invisibility for 88 gold pieces
 22103 | Lair:1   | Upgraded the game from 0.20-a0-971-g5896763 to 0.20-a0-983-g35de22d
 22173 | D:12     | Bought the cursed +1 plate armour of the Battered Curses {-Cast rC+ Str+2} for 470 gold pieces
 22211 | D:12     | Bought the +0 Maxwell's etheric cage {RegenMP+ *Contam rElec MP+4} for 520 gold pieces
 22246 | D:12     | Gained mutation: You are frail. (-10% HP) [mutagenic glow]
 22384 | Snake:1  | Entered Level 1 of the Snake Pit
 22384 | Snake:1  | Found Ymuarch's Weapon Boutique.
 22875 | Snake:1  | Noticed Asterion
 22900 | Snake:1  | Noticed a balrug
 22900 | Snake:1  | Killed Asterion
 23408 | Snake:1  | Got a slimy helmet
 23419 | Snake:1  | Identified the +2 helmet of Loh Jez {*Corrode rC+++ rN+ Regen+} (You found it on level 1 of the Snake Pit)
 23422 | Snake:1  | Found Zosoopt's General Store.
 23426 | Snake:1  | Found Tydamot Vifu's Distillery.
 23432 | Snake:1  | Found Emoxkim's Gadget Emporium.
 23454 | Snake:1  | Bought a potion of heal wounds for 85 gold pieces
 23462 | Snake:1  | Reached XP level 15. HP: 122/122 MP: 15/15
 23672 | Snake:1  | Bought a scroll of enchant weapon for 127 gold pieces
 24375 | Snake:2  | Found Yponius's Antique Weapon Emporium.
 24377 | Snake:2  | Found Judomp's Gadget Emporium.
 24377 | Snake:2  | Found Jiboeb's Magic Scroll Shoppe.
 24377 | Snake:2  | Noticed Aizul
 24389 | Snake:2  | Killed Aizul
 24512 | Snake:2  | Found Weifyrol's Food Shoppe.
 24524 | Snake:2  | Bought a scroll of identify for 38 gold pieces
 24568 | Snake:2  | Noticed Saint Roka
 24580 | Snake:2  | Killed Saint Roka
 25097 | Snake:2  | Gained Marbaugh as an ally
 25335 | Snake:2  | Noticed Vashnia
 25347 | Snake:2  | Reached skill level 15 in Fighting
 25355 | Snake:2  | HP: 6/126 [naga sharpshooter/bolt[Vashnia] (26)]
 25359 | Snake:2  | Your ally Ortolf died
 25372 | Snake:2  | Your ally died
 25377 | Snake:2  | Killed Vashnia
 25585 | Snake:2  | Upgraded the game from 0.20-a0-983-g35de22d to 0.21-a0-67-g3f13d09
 25585 | Snake:2  | Quit the game

Vault maps used:
D:1:      nicolae_arrival_memento_mori
D:2:      old_standard_altar, serial_park_tiny_1
D:3:      corexii_shack_village, uniq_sigmund, uniq_crazy_yiuf_cottage
D:4:      old_standard_altar, serial_shops, shop, minmay_statues_item
D:5:      kennysheep_mini, temple_green, serial_shops, nicolae_shop_crystal,
          first_bread, uniq_iyjb
D:6:      yredelemnul_altar_generic
D:7:      serial_shops, nicolae_shop_temple_entry_statues_fountains,
          nicolae_shop_crystal, shop, nicolae_shop_competitors_out_of_business,
          uniq_duvessa
D:8:      elyvilon_altar_5, serial_shops, shop, hangedman_little_slice_of_home
D:9:      hangedman_cross_stitches, grunt_temple_overflow_gold_and_silver,
          uniq_maurice
D:10:     david_lair_shrubbed, orc_0_dummy, onia_ninara_dug_in_and_dangerous
D:11:     uniq_psyche, uniq_sonja
D:12:     serial_shops, shop, hangedman_tree_tricks
Lair:1:   guppyfry_lair_drakes
Lair:2:   shoals_dummy_entry, uniq_gastronok, uniq_fannar
Lair:3:   minmay_lair_oklob_bushes, forest_entry_grove
Lair:4:   guppyfry_snake_entry_island, basic_altar
Lair:5:   grunt_megastairs_2
Lair:6:   minmay_lair_end_enchanted_forest, nicolae_slime_entry_slimehenge,
          kennysheep_rathole
Snake:1:  serial_shops, shop, lemuel_fruit_tree, minmay_shop_star, uniq_asterion
Snake:2:  dpeg_oklob_gauntlet, grunt_megastairs_1, minmay_shoptagon, uniq_aizul,
          uniq_saint_roka, uniq_vashnia
Orc:1:    serial_shops, nicolae_shop_trees
Orc:2:    st_orc_pillars, basic_altar

Skill      XL: |  1  2  3  4  5  6  7  8  9 10 11 12 13 14 15 |
---------------+----------------------------------------------+-----
Axes           | 3 4 5 7 8 9 10 12 14 16 19 20 | 20.8
Shields        | 4 5 6 7 9 10 12 13 14 15 16 | 16.2
Fighting       | 6 9 10 13 15 | 15.5
Armour         | 4 7 9 |  9.4

Action                   |  1- 3 |  4- 6 |  7- 9 | 10-12 | 13-15 || total
-------------------------+-------+-------+-------+-------+-------++-------
Melee: War axe           |    96 |   124 |   189 |   621 |   855 ||  1885
       Scimitar          |       |       |   485 |       |       ||   485
       Unarmed           |       |       |       |     1 |       ||     1
Invok: Convert to Beogh  |       |       |     1 |       |       ||     1
       Recall Orcish Fol |       |       |       |     3 |     2 ||     5
       Stop Recall       |       |       |       |     3 |     2 ||     5
       Give Item to Name |       |       |       |     1 |     4 ||     5
       Resurrection      |       |       |       |       |     2 ||     2
Evoke: Wand              |       |       |    14 |     8 |     1 ||    23
       Fan of gales      |       |       |       |       |     1 ||     1
  Use: Scroll            |     8 |     2 |    12 |    11 |     9 ||    42
       Potion            |       |     4 |    10 |     1 |    10 ||    25
 Stab: Distracted        |       |       |     2 |     5 |    12 ||    19
       Sleeping          |       |       |       |     6 |     2 ||     8
       Paralysed         |       |       |       |    11 |    12 ||    23
  Eat: Chunk             |     2 |     2 |     7 |    30 |    27 ||    68
       Royal jelly       |       |     1 |     1 |     1 |       ||     3
       Fruit             |       |     2 |     3 |       |       ||     5
       Meat ration       |       |       |     2 |       |       ||     2
Armor: Scale mail        |    42 |    68 |   345 |    29 |       ||   484
       Skin              |       |       |    21 |       |       ||    21
       Ring mail         |       |       |       |   158 |   175 ||   333
       Plate armour      |       |       |       |       |    93 ||    93
Dodge: Dodged            |    39 |    47 |   190 |   145 |   123 ||   544
Block: Shield            |    57 |    70 |   431 |   236 |       ||   794
       Large shield      |       |       |       |   107 |   758 ||   865
       Rpst.: Scimitar   |       |       |    31 |       |       ||    31
